 Dungeon Crawl Stone Soup version 0.30-a0-311-gf115ab0292 (webtiles) character file.

Game seed: 10067539801662531195

63 ytrimaz the Stinger (level 4, -1/42 HPs)
             Began as an Octopode Transmuter on Oct 25, 2022.
             Killed by divine providence
             ... invoked by an orc priest
              (8 damage)
             ... on level 2 of the Dungeon.
             The game lasted 00:01:30 (972 turns).

ytrimaz the Stinger (Octopode Transmuter)            Turns: 972, Time: 00:01:31

Health: -1/42      AC: 22    Str:  9    XL:     4   Next: 9%
Magic:  7/7        EV:  2    Int: 17    God:
Gold:   8          SH:  0    Dex: 12    Spells: 1/7 levels left

rFire   . . .      SeeInvis .      - Unarmed
rCold   . . .      Faith    .    (no shield)
rNeg    . . .      Spirit   .    (helmet currently unavailable)
rPois   +          Reflect  .    (no amulet)
rElec   .          Harm     .    (no ring)
rCorr   .          Rampage  .    (no ring)
Will    .....      NoTele   +    (no ring)
Stlth   +.........               (no ring)
HPRegen 0.27/turn                (no ring)
MPRegen 0.10/turn                (no ring)
                                 (no ring)
                                 (no ring)

@: tree-form
A: stationary, stasis, torment immunity, boosted hp, almost no armour,
(amphibious), 8 rings, (camouflage 1), (gelatinous body 1), (nimble swimmer 1),
(tentacles)
a: no special abilities


You were on level 2 of the Dungeon.
You were a tree.
You visited 1 branch of the dungeon, and saw 2 of its levels.

You collected 8 gold pieces.


Innate Abilities, Weirdness & Mutations

You are a tree.
Your roots penetrate the ground, keeping you stationary.
You cannot be teleported.
You are immune to unholy pain and torment.
Your maximum health is greatly increased.
You cannot wear most types of armour.
((You are amphibious.))
You can wear up to eight rings at the same time.
((Your skin changes colour to match your surroundings (Stealth+).))
((Your rubbery body absorbs attacks. (AC +1, EV +1)))
((You are camouflaged when in or above water. (Stealth+)))
((You have tentacles for arms and can constrict up to eight enemies at once.))


   Skills:
 - Level 1.0 Fighting
 - Level 2.0 Dodging
 - Level 3.0 Unarmed Combat
 - Level 2.0 Spellcasting
 + Level 2.2 Transmutations
 + Level 0.7 Ice Magic
 - Level 4.0 Poison Magic


You had one spell level left.
You knew the following spells:

 Your Spells              Type           Power      Damage    Failure   Level
a - Beastly Appendage     Tmut           18%        N/A       8%          1
b - Wereblood             Tmut           9%         N/A       12%         2
c - Spider Form           Tmut/Pois      12%        N/A       16%         3

Your spell library contained the following spells:

 Spells                   Type           Power      Damage    Failure   Level
 Ice Form                 Ice/Tmut       6%         N/A       71%         4

You aren't carrying anything.

Dungeon Overview and Level Annotations

Branches:
Dungeon (2/15) Zot: 11031

Altars:

..... #########... ..
##.#.....#.. ...
####....###.#.#######.#.
........# #.#...........
####....###.............
#....#...............
#....#............!..
#....#..#...#♣)......
##.#.#..<.#.#)#######
#.#.#....#.#.o
#.#.#......#..#
#.#.##.....#..#
#.#.....[..#..#
#..........#..#
##########.#..# #.# .#


You could see an orc priest.


Message History

You barely miss the quokka. You grab the quokka. You constrict the quokka.
The quokka completely misses you. The quokka bites you. 😕 HP[-2]
You take 2 damage, and now have 21/23 hp.
You tentacle-slap the quokka.
You kill the quokka!
Unknown command.
Found a leather armour.
Found a stone staircase leading up.
No target in view!
Unknown command.
You see here a +0 leather armour.
Key pressed, stopping explore.
Key pressed, stopping explore.
Unknown command.
No target in view! 😎 HP[+2]
Your hp is fully restored (23).
Key pressed, stopping explore.
No target in view!
An orc, 2 orc priests and a rat come into view.
The orc shouts!
The orc priest shouts! x2
You see here a book of Spatial Translocations.
There are monsters nearby!
You completely miss the orc priest. You grab the orc priest.
You constrict the orc priest. The orc priest misses you.
The orc hits you but does no damage.
There are monsters nearby!
You tentacle-slap the orc priest but do no damage.
You constrict the orc priest, but do no damage.
The orc misses you. The orc priest closely misses you.
You tentacle-slap the orc priest but do no damage.
You constrict the orc priest, but do no damage.
The orc priest hits you with a +0 whip. The orc priest closely misses you.
The orc hits you with a +0 falchion! 😮 HP[-10]
You take 10 damage, and now have 13/23 hp.
MASSIVE DAMAGE!! (PAUSE) Really quaff the potion of lignification?
You turn into a tree.
Your roots penetrate the ground.
You lose your grip on the orc priest.
The orc priest hits you but does no damage. x2
The orc hits you but does no damage. 😮 HP[+7]
You now have 34 max hp (+11).
You regained 7 hp, and now have 20/34 hp.
Unknown command.
You barely miss the orc priest. The orc hits you but does no damage.
The orc priest hits you but does no damage. x2
You hit the orc priest. You punch the orc priest.
The orc priest hits you but does no damage.
The orc priest barely misses you. The orc hits you but does no damage.
You hit the orc priest. You punch the orc priest.
The orc priest invokes the aid of Beogh against you.
Beogh smites you!
* * * LOW HITPOINT WARNING * * *
The orc priest hits you but does no damage.
The orc hits you with a +0 falchion.
* * * LOW HITPOINT WARNING * * *
😱 HP[-16]
You take 16 damage, and now have 4/34 hp.
MASSIVE DAMAGE!! (PAUSE)
You barely miss the orc priest. The orc hits you but does no damage.
The orc priest hits you but does no damage. x2 😱 HP[+1]
You hit the orc priest.
You kill the orc priest!
The orc priest hits you but does no damage.
The orc hits you but does no damage.
Training target 4.0 for Poison Magic reached!
Your Poison Magic skill increases to level 4!
You need to enable at least one skill for training.
You have reached level 4! 😱 HP[+1] MP[+1]
You now have 42 max hp (+8).
Your mp is fully restored (7).
You aren't carrying any potions.
Unknown command.
Casting: Beastly Appendage (safe; 8% risk of failure)
Press: ? - help, Q - select action, (/) - cycle Dir - look around, f - activate
Okay, then.
You smack the orc!
You kill the orc!
The orc priest hits you but does no damage.
Unknown command.
You barely miss the rat. The rat bites you but does no damage.
The orc priest hits you but does no damage. 😱 HP[+1]
You hit the rat.
You kill the rat!
The orc priest hits you but does no damage.
Unknown command.
The orc priest completely misses you.
Unknown command.
You aren't carrying any potions.
Okay, then.
Casting: Beastly Appendage (safe; 8% risk of failure)
Confirm with . or Enter, or press ? or * to list all spells.
Okay, then.
The orc priest invokes the aid of Beogh against you.
Beogh smites you!
You die...

Skill      XL: |  1  2  3 |
---------------+----------+-----
Poison Magic   | 1 3 4 |  4.0
Fighting       | |  1.0
Dodging        | |  2.0
Unarmed Combat | |  3.0
Spellcasting   | |  2.0
Transmutations | |  2.2
Ice Magic      | |  0.7

Action                   |  1- 3 |  4- 6 || total
-------------------------+-------+-------++-------
Melee: Unarmed           |    63 |     3 ||    66
       Constrict         |    17 |       ||    17
       Tentacles         |    11 |       ||    11
       Punch             |     3 |       ||     3
  Use: Scroll            |     1 |       ||     1
       Potion            |     1 |       ||     1
 Stab: Sleeping          |     2 |       ||     2
Armor: Skin              |    20 |     4 ||    24
Dodge: Dodged            |    38 |     1 ||    39

Levels and vault maps discovered:
D:1:      mrwooster_arrival_arrow, layout_loops_ring, kennysheep_another_room
D:2:      layout_basic, chequers_ecumenical_altar_simple, minmay_ruptured

Notes
Turn   | Place    | Note
-------+----------+-------------------------------------------
     0 | D:1      | ytrimaz the Octopode Transmuter began the quest for the
                  | Orb.
     0 | D:1      | Reached XP level 1. HP: 13/13 MP: 3/3
     0 | D:1      | magus.rc [v1.9.6]
    64 | D:1      | Reached skill level 1 in Poison Magic
   117 | D:1      | Reached XP level 2. HP: 14/18 MP: 5/5
   131 | D:1      | Reached skill level 2 in Poison Magic
   324 | D:1      | Reached skill level 3 in Poison Magic
   326 | D:1      | Reached XP level 3. HP: 23/23 MP: 6/6
   329 | D:1      | Learned a level 2 spell: Wereblood
   333 | D:1      | Learned a level 3 spell: Spider Form
   965 | D:2      | HP: 5/34 [orc priest/divine providence (15)]
   968 | D:2      | Reached skill level 4 in Poison Magic
   968 | D:2      | Reached XP level 4. HP: 6/28 MP: 7/7
   972 | D:2      | Killed from afar by an orc priest

Vanquished Creatures
  An orc priest (D:2)
  A dart slug (D:1)
  An orc (D:2)
  2 bats (D:1)
  4 endoplasms (D:1)
  2 hobgoblins (D:1)
  7 kobolds
  3 quokkas
  4 ball pythons (D:1)
  2 frilled lizards (D:1)
  3 goblins (D:1)
  A rat (D:2)
31 creatures vanquished.

Table legend:
 A = Non-vault XP
 B = Vault XP
 C = Vault XP percentage of total XP
 D = Non-vault monster count
 E = Vault monster count
 F = Vault count percentage of total count
                 A         B        C        D         E       F
            +---------+---------+-------+---------+---------+-------
      Total |      90 |       0 |   0.0 |      31 |       0 |   0.0
            +---------+---------+-------+---------+---------+-------
        D:1 |      43 |       0 |   0.0 |      26 |       0 |   0.0
        D:2 |      47 |       0 |   0.0 |       5 |       0 |   0.0
            +---------+---------+-------+---------+---------+-------

Illustrated notes

Table legend:
 A = Kills in this place as a percentage of kills in entire the game.
 B = Kills by you in this place as a percentage of kills by you in the entire game.
 C = Kills by friends in this place as a percentage of kills by friends in the entire game.
 D = Other kills in this place as a percentage of other kills in the entire game.
 E = Experience gained in this place as a percentage of experience gained in the entire game.
 F = Experience gained in this place divided by the number of levels of this place that you have seen.
                   A       B       C       D       E      F
               +-------+-------+-------+-------+-------+----------------------
         Total | 100.0 | 100.0 |   N/A |   N/A | 100.0 |  45.0
       Dungeon | 100.0 | 100.0 |   N/A |   N/A | 100.0 |  45.0
               +-------+-------+-------+-------+-------+----------------------

Table legend: (Time is in decaauts)
 A = Elapsed time spent in this place.
 B = Non-inter-level travel time spent in this place.
 C = Inter-level travel time spent in this place.
 D = Time resting spent in this place.
 E = Time spent auto-exploring this place.
 F = Levels seen in this place.
 G = Mean time per level.
                   A        B        C        D        E       F      G
               +--------+--------+--------+--------+--------+-----+--------+
         Total |    967 |    949 |     18 |      0 |    763 |   2 |  483.5 |
       Dungeon |    967 |    949 |     18 |      0 |    763 |   2 |  483.5 |
               +--------+--------+--------+--------+--------+-----+--------+

Top non-repeatable levels by time:
     D:1: 873 daAuts
     D:2: 94 daAuts
